 Dungeon Crawl Stone Soup version 0.31.0-12-g77e489cdc1 (webtiles) character file.

Game seed: 12620889428751190598

2286 monsoonserge the Grappler (level 9, -6/68 HPs)
             Began as a Gnoll Shapeshifter on Feb 29, 2024.
             Succumbed to a killer bee's poison
             ... on level 7 of the Dungeon.
             The game lasted 00:18:17 (8225 turns).

monsoonserge the Grappler (Gnoll Shapeshifter)      Turns: 8225, Time: 00:18:18

Health: -6/68      AC:  2    Str: 18    XL:     9   Next: 39%
Magic:  15/15      EV: 19    Int: 10    God:
Gold:   537        SH:  0    Dex: 17    Spells: 16/16 levels left

rFire   . .          .
                       - Unarmed
rCold   + . .        (shield currently unavailable)
rNeg    . . .        k - melded +0 ring mail
rPois   .            M - +0 helmet
rElec   .            u - +0 cloak
rCorr   .            (no gloves)
SInv    .            (no boots)
Will    .....        v - amulet of magic regeneration
Stlth   +            P - ring of protection from cold
HPRegen 0.31/turn    x - +6 ring of dexterity
MPRegen 0.54/turn

%: no passive effects
@: lethally poisoned (-6 -> -35), flux-form, glowing
A: glow, contaminating, fangs 1, strong nose, distributed training
a: Begin Untransformation


You were on level 7 of the Dungeon.
You were something dangerously unstable.
You visited 2 branches of the dungeon, and saw 9 of its levels.

You collected 537 gold pieces.

Inventory:

Missiles
 e - 2 javelins
 z - a throwing net
 B - 12 boomerangs
 H - 15 poisoned darts
 O - a curare-tipped dart
Armour
 a - a +0 scale mail
 k - a +0 ring mail (melded)
 r - a +0 leather armour
 u - a +0 cloak (worn)
 G - a +0 chain mail
 M - a +0 helmet (worn)
Magical Staves
 y - a staff of air
Jewellery
 v - an amulet of magic regeneration (around neck)
 w - a +6 ring of intelligence
 x - a +6 ring of dexterity (right hand)
 P - a ring of protection from cold (left hand)
Talismans
 c - a beast talisman
 d - a flux talisman (active)
Wands
 I - a wand of digging (8)
 J - a wand of flame (4) (quivered)
 Q - a wand of roots (12)
Scrolls
 f - 2 scrolls of teleportation {unknown}
 g - 2 scrolls of butterflies {unknown}
 p - a scroll of torment {unknown}
 q - a scroll of revelation {unknown}
 s - a scroll of vulnerability {unknown}
 t - a scroll of blinking {unknown}
 C - a scroll of enchant armour {unknown}
 D - a scroll of immolation {unknown}
 E - a scroll of silence {unknown}
 F - a scroll of fog
 N - a scroll of poison {unknown}
 R - a scroll of fear {unknown}
Potions
 b - a potion of lignification
 h - a potion of enlightenment
 i - a potion of cancellation
 j - 2 potions of brilliance {unknown}
 l - 10 potions of curing {unknown}
 m - a potion of berserk rage
 n - a potion of haste {unknown}
 o - a potion of degeneration {unknown}
 A - a potion of heal wounds
 K - a potion of attraction {unknown}
 L - a potion of ambrosia {unknown}


   Skills:
 + Level 5.1 Fighting
 + Level 4.3 Short Blades
 + Level 4.3 Long Blades
 + Level 4.3 Axes
 + Level 4.3 Maces & Flails
 + Level 4.3 Polearms
 + Level 4.3 Staves
 + Level 4.3 Ranged Weapons
 + Level 4.3 Throwing
 + Level 4.3 Armour
 + Level 6.4 Dodging
 + Level 4.3 Stealth
 + Level 4.3 Shields
 + Level 8.0 Unarmed Combat
 + Level 4.3 Spellcasting
 + Level 3.6 Conjurations
 + Level 3.6 Hexes
 + Level 3.6 Summonings
 + Level 3.6 Necromancy
 + Level 3.6 Translocations
 + Level 3.6 Fire Magic
 + Level 3.6 Ice Magic
 + Level 3.6 Air Magic
 + Level 3.6 Earth Magic
 + Level 3.6 Alchemy
 + Level 4.8 Invocations
 + Level 4.3 Evocations
 + Level 7.7 Shapeshifting


You had 16 spell levels left.
You didn't know any spells.
Your spell library contained the following spells:

 Spells                   Type           Power      Damage    Failure   Level
 Sting                    Conj/Alch      36%        1d5       5%          1
 Mercury Vapours          Alch/Air       18%        N/A       9%          2
 Volatile Blastmotes      Fire/Tloc      18%        2d11      17%         3
 Fulminant Prism          Conj/Alch      4%         3d5       50%         4
 Iskenderun's Mystic Bla  Conj/Tloc      9%         2d4       50%         4
 Leda's Liquefaction      Alch/Erth      4%         N/A       50%         4
 Olgreb's Toxic Radiance  Alch           9%         N/A       50%         4
 Lee's Rapid Deconstruct  Erth           4%         3d5*      83%         5
 Bombard                  Conj/Erth      4%         9d2       100%        6


Dungeon Overview and Level Annotations

Branches:
Dungeon (8/15)             Temple (1/1) D:7
   Lair: D:8-11

Altars:
Ashenzari
Cheibriados
Dithmenos
Elyvilon
Fedhas
Gozag
Hepliaklqana
Kikubaaqudgha
Nemelex Xobeh
Okawaru
Qazlal
Ru
Sif Muna
Trog
Vehumet
Wu Jian
Xom
Yredelemnul
Zin
The Shining One

Shops:
D:3 :

Annotations:
D:5 1 runed translucent door, superradish's ghost, novice OpSh


Innate Abilities, Weirdness & Mutations

You are something dangerously unstable.
You glow with magical radiation, making you easy to see and hit.
Foes you strike become dangerously contaminated with magical radiation.
You are incapable of wielding weapons or throwing items.
You have very sharp teeth.
Your uncanny sense of smell can sniff out nearby items.
Your experience applies equally to all skills.


Message History

You are poisoned.
The killer bee poisons you! The bullfrog completely misses you.
You closely miss the bullfrog. You bite the bullfrog.
The bullfrog is moderately wounded.
You feel sick. The killer bee closely misses you.
The bullfrog completely misses you. The killer bee barely misses you.
You hit the bullfrog.
The bullfrog glows dangerously bright.
The bullfrog is moderately wounded.
You feel sick. The killer bee stings you. The bullfrog completely misses you.
The bullfrog barely misses you. The killer bee closely misses you.
You closely miss the bullfrog.
The bullfrog is moderately wounded.
You feel sick. The killer bee completely misses you. The bullfrog hits you.
You punch the bullfrog!
The bullfrog shudders as magic cascades through it!!
You kill the bullfrog!
You feel sick. The killer bee stings you!
You are more poisoned.
The killer bee poisons you! The killer bee closely misses you.
Your Unarmed Combat skill increases to level 8!
You feel very sick. The killer bee stings you.
You are more poisoned.
The killer bee poisons you!
You see here a bullfrog corpse.
You feel very sick. The killer bee completely misses you.
You feel very sick.
The killer bee attacks as it pursues you!
The killer bee completely misses you. The killer bee misses you.
There is a stone staircase leading up here.
You feel sick. The killer bee stings you!
* * * LOW HITPOINT WARNING * * *
You are lethally poisoned!
The killer bee poisons you! The killer bee stings you.
* * * LOW HITPOINT WARNING * * *
You are more poisoned.
The killer bee poisons you!
You climb upwards.
You die...

###### ########## #....#
#..[.....# #....# #........#
#....# #........#########
#....# #........'....p..#####
#....#
#....<...###.#.y.....####....##
#........#...#.#.###...........
######'###.###.#.##############
#.# #.....#..#.......#####
#.##########.........#....
#............#......(#....
######..[[...#.......#....
#...[...#.......#....


You could see a killer bee.

Vanquished Creatures
  Sigmund (D:4)
  A sky beast (D:7)
  An orc warrior (D:6)
  An ice beast (D:6)
  A centaur (D:6)
  A phantom (D:5)
  Blork the orc (D:4)
  2 kobold brigands (D:7)
  2 bullfrogs
  3 scorpions
  A howler monkey (D:8)
  5 orc priests
  A bombardier beetle (D:6)
  2 hounds
  4 jellies (D:7)
  A gnoll bouda (D:7)
  5 iguanas
  A sleepcap (D:5)
  8 orc wizards
  Natasha (thrice) (D:4)
  8 gnolls
  9 adders
  A white imp (D:6)
  3 ufetubi
  3 dart slugs
  A ribbon worm (D:5)
  25 orcs
  6 bats
  11 endoplasms
  8 hobgoblins
  10 jackals
  15 kobolds
  4 quokkas
  5 ball pythons
  11 frilled lizards
  8 goblins
  5 rats
178 creatures vanquished.

Notes
Turn   | Place    | Note
-------+----------+-------------------------------------------
     0 | D:1      | monsoonserge the Gnoll Shapeshifter began the quest for the
                  | Orb.
     0 | D:1      | Reached XP level 1. HP: 17/17 MP: 1/1
   591 | D:1      | Reached XP level 2. HP: 23/23 MP: 2/2
  1118 | D:2      | Reached XP level 3. HP: 21/28 MP: 3/3
  1167 | D:2      | Reached skill level 1 in Invocations
  1247 | D:2      | Reached skill level 1 in Short Blades
  1247 | D:2      | Reached skill level 1 in Long Blades
  1247 | D:2      | Reached skill level 1 in Axes
  1247 | D:2      | Reached skill level 1 in Maces & Flails
  1247 | D:2      | Reached skill level 1 in Polearms
  1247 | D:2      | Reached skill level 1 in Staves
  1247 | D:2      | Reached skill level 1 in Ranged Weapons
  1247 | D:2      | Reached skill level 1 in Throwing
  1247 | D:2      | Reached skill level 1 in Armour
  1247 | D:2      | Reached skill level 1 in Stealth
  1247 | D:2      | Reached skill level 1 in Shields
  1247 | D:2      | Reached skill level 1 in Spellcasting
  1247 | D:2      | Reached skill level 1 in Evocations
  1247 | D:2      | Reached XP level 4. HP: 33/34 MP: 5/5
  1381 | D:2      | Reached skill level 1 in Conjurations
  1381 | D:2      | Reached skill level 1 in Hexes
  1381 | D:2      | Reached skill level 1 in Summonings
  1381 | D:2      | Reached skill level 1 in Necromancy
  1381 | D:2      | Reached skill level 1 in Translocations
  1381 | D:2      | Reached skill level 1 in Fire Magic
  1381 | D:2      | Reached skill level 1 in Ice Magic
  1381 | D:2      | Reached skill level 1 in Air Magic
  1381 | D:2      | Reached skill level 1 in Earth Magic
  1381 | D:2      | Reached skill level 1 in Alchemy
  1801 | D:3      | Reached XP level 5. HP: 40/40 MP: 7/7
  2145 | D:3      | Found a stormy altar of Qazlal.
  2288 | D:3      | Reached XP level 6. HP: 45/47 MP: 8/8
  2467 | D:3      | Found a faded altar of an unknown god.
  2601 | D:3      | Found Vailourch's Book Emporium.
  2679 | D:4      | Noticed Blork the orc
  2733 | D:4      | Noticed Sigmund
  2898 | D:4      | Noticed Natasha
  2977 | D:4      | Killed Natasha
  2978 | D:4      | Reached skill level 5 in Dodging
  3671 | D:4      | Found a sacrificial altar of Ru.
  3760 | D:4      | Found a glowing silver altar of Zin.
  3818 | D:4      | Killed Blork the orc
  3819 | D:4      | Reached skill level 7 in Unarmed Combat
  3819 | D:4      | Reached XP level 7. HP: 35/52 MP: 10/10
  3940 | D:4      | Noticed Natasha
  3943 | D:5      | Entered Level 5 of the Dungeon
  3943 | D:5      | Noticed superradish's ghost (novice OpSh)
  3943 | D:5      | Found a runed translucent door.
  4565 | D:6      | Found a glowing golden altar of the Shining One.
  5365 | D:6      | Reached XP level 8. HP: 60/60 MP: 12/12
  6045 | D:4      | Killed Natasha
  6195 | D:4      | Noticed Natasha
  6204 | D:4      | Killed Natasha
  6315 | D:4      | Killed Sigmund
  6932 | D:6      | Reached XP level 9. HP: 52/66 MP: 14/14
  7465 | D:7      | Found a basalt altar of Yredelemnul.
  7485 | D:7      | Reached skill level 5 in Fighting
  7494 | D:7      | Found a shimmering altar of Xom.
  7965 | D:7      | Found a white marble altar of Elyvilon.
  7966 | D:7      | Found a shimmering blue altar of Sif Muna.
  7999 | D:7      | Found a staircase to the Ecumenical Temple.
  8011 | Temple   | Entered the Ecumenical Temple
  8164 | D:7      | Found a snail-covered altar of Cheibriados.
  8166 | D:7      | Found a shadowy altar of Dithmenos.
  8221 | D:8      | Reached skill level 8 in Unarmed Combat
  8224 | D:8      | HP: 3/68 [killer bee (6)]
  8225 | D:7      | Succumbed to a killer bee's poison

Illustrated notes

Levels and vault maps discovered:
D:1:      dpeg_arrival_renting, layout_basic
D:2:      cheibrodos_pilgrimage, layout_loops_ring, grunt_decor_junction,
          chequers_serial_rivers_micro_d
D:3:      layout_basic, grunt_qazlal_clouds, shapermc_ecumenical_altar_ellora,
          serial_shops, nicolae_shop_waterfront, mrwooster_statue_mirror
D:4:      layout_cave_pools, nicolae_ru_the_path_less_chosen,
          mainiacjoe_overflow_six_doors_small, serial_forest,
          infiniplex_forest_clump_double, infiniplex_forest_clump_long,
          infiniplex_forest_clump_long, infiniplex_forest_straight_1,
          infiniplex_forest_clump_double, infiniplex_forest_split, st_stairs_14,
          minmay_lizard_king, uniq_blork_the_orc, uniq_sigmund, uniq_natasha
D:5:      layout_basic, hellmonk_ghost_happy_afterlife
D:6:      layout_basic, mainiacjoe_overflow_24_doors, kennysheep_generic_room_15
D:7:      layout_basic, dk_xom_monty_hall, nicolae_overflow_hidden_temple,
          lemuel_doored_altar, minmay_temple_entry_arrows
D:8:      layout_rooms, nicolae_uskayaw_murder_on_the_dancefloor, serial_shops,
          shop, nzn_ghost_randoct, hangedman_decor_peaks_small,
          grunt_decor_clamped, uniq_maggie
Temple:   hellmonk_temple_rainy

Skill      XL: |  1  2  3  4  5  6  7  8  9 |
---------------+----------------------------+-----
Invocations    | 1 2 3 4 |  4.8
Short Blades   | 1 2 3 4 |  4.3
Long Blades    | 1 2 3 4 |  4.3
Axes           | 1 2 3 4 |  4.3
Maces & Flails | 1 2 3 4 |  4.3
Polearms       | 1 2 3 4 |  4.3
Staves         | 1 2 3 4 |  4.3
Ranged Weapons | 1 2 3 4 |  4.3
Throwing       | 1 2 3 4 |  4.3
Armour         | 1 2 3 4 |  4.3
Stealth        | 1 2 3 4 |  4.3
Shields        | 1 2 3 4 |  4.3
Spellcasting   | 1 2 3 4 |  4.3
Evocations     | 1 2 3 4 |  4.3
Conjurations   | 1 2 3 |  3.6
Hexes          | 1 2 3 |  3.6
Summonings     | 1 2 3 |  3.6
Necromancy     | 1 2 3 |  3.6
Translocations | 1 2 3 |  3.6
Fire Magic     | 1 2 3 |  3.6
Ice Magic      | 1 2 3 |  3.6
Air Magic      | 1 2 3 |  3.6
Earth Magic    | 1 2 3 |  3.6
Alchemy        | 1 2 3 |  3.6
Fighting       | 3 4 5 |  5.1
Dodging        | 5 6 |  6.4
Unarmed Combat | 7 8 |  8.0
Shapeshifting  | 7 |  7.7

Action                     |  1- 3 |  4- 6 |  7- 9 || total
---------------------------+-------+-------+-------++-------
  Melee: Unarmed           |    51 |   173 |   305 ||   529
         Bite              |     6 |    13 |    40 ||    59
         Punch             |     1 |     6 |       ||     7
    Use: Scroll            |       |     4 |     1 ||     5
         Potion            |       |     1 |       ||     1
   Stab: Sleeping          |       |     2 |     2 ||     4
         Distracted        |       |       |     1 ||     1
 Armour: Ring mail         |    10 |    59 |       ||    69
         Animal skin       |     1 |       |       ||     1
         Scale mail        |    33 |       |       ||    33
         Skin              |       |    37 |   103 ||   140
  Dodge: Dodged            |    38 |   133 |   260 ||   431
   Form: Flux              |       |     1 |       ||     1
